 Dungeon Crawl Stone Soup version 0.28-a0-1387-g3a22ab9bdc (webtiles) character file.

Game seed: 6615045325643678094

125 Sabo the Conjurer (level 4, 0/33 HPs)
             Began as a Draconian Conjurer on Jan 2, 2022.
             Was a Priest of Elyvilon.
             Slain by Crazy Yiuf (9 damage)
             ... on level 3 of the Dungeon.
             The game lasted 00:22:14 (4537 turns).

Sabo the Conjurer (Draconian Conjurer)              Turns: 4537, Time: 00:22:14

Health: 0/33       AC:  9    Str:  9    XL:     4   Next: 82%
Magic:  11/16      EV: 12    Int: 21    God:    Elyvilon [***...]
Gold:   1140       SH:  0    Dex: 16    Spells: 7/8 levels left

rFire   . . .      SeeInvis .   b - +0 mace
rCold   x . .      Faith    .   (no shield)
rNeg    . . .      Spirit   .   (armour unavailable)
rPois   .          Reflect  .   (helmet restricted)
rElec   .          Harm     .   (no cloak)
rCorr   .          Rampage  .   (no gloves)
Will    .....                   (no boots)
Stlth   ++........              (no amulet)
HPRegen 0.11/turn               d - +4 ring of protection
MPRegen 0.15/turn               k - ring of Fanaticism {Fly rC- MP+9 Dex+7}

@: mighty, flying
A: AC +5, unfitting armour, cold-blooded
a: Renounce Religion, Purification, Heal Other, Heal Self


You were on level 3 of the Dungeon.
You worshipped Elyvilon.
Elyvilon was most pleased with you.
You visited 1 branch of the dungeon, and saw 3 of its levels.

You collected 1140 gold pieces.

Inventory:

Hand Weapons
 b - a +0 mace (weapon)
Missiles
 a - 8 sling bullets
 e - 64 stones
 g - 25 bolts
 l - 7 arrows
Jewellery
 d - a +4 ring of protection (left hand)
 k - the ring of Fanaticism (right hand) {Fly rC- MP+9 Dex+7}
   (You acquired it on level 2 of the Dungeon)

   [ring of flight]

   Dex:       It affects your dexterity (+7).
   rC:        It makes you vulnerable to cold.
   MP:        It affects your magic capacity (+9).
   Fly:       It grants you flight.
Scrolls
 c - 2 scrolls of identify {unknown}
 f - a scroll of blinking {unknown}
 h - a scroll of vulnerability {unknown}
 i - a scroll of noise {unknown}
Potions
 j - a potion of cancellation {unknown}
 m - a potion of heal wounds {unknown}


   Skills:
 + Level 0.1 Fighting
 + Level 0.8 Maces & Flails
 + Level 2.1 Dodging
 + Level 2.4 Stealth
 + Level 2.6 Spellcasting
 + Level 5.2 Conjurations


You had 7 spell levels left.
You knew the following spells:

 Your Spells              Type           Power      Damage    Failure   Level
a - Magic Dart            Conj           96%        1d7       1%          1

Your spell library contained the following spells:

 Spells                   Type           Power      Damage    Failure   Level
 Searing Ray              Conj           48%        2d6       2%          2
 Dazzling Flash           Conj/Hex       26%        N/A       14%         3
 Fulminant Prism          Conj/Hex       6%         3d7       43%         4
 Iskenderun's Mystic Bla  Conj/Tloc      13%        2d5       43%         4
 Conjure Ball Lightning   Conj/Air       6%         3x3d6     100%        6
 Discord                  Hex            1%         N/A       100%        8
 Disjunction              Tloc           1%         N/A       100%        8


Dungeon Overview and Level Annotations

Branches:
Dungeon (3/15)

Altars:
Elyvilon
Vehumet

Annotations:
D:3 exclusion: statue, Crazy Yiuf


Innate Abilities, Weirdness & Mutations

Your plain brown scales are hard. (AC +5)
You cannot fit into any form of body armour.
You are cold-blooded and may be slowed by cold attacks.


Message History

Crazy Yiuf is heavily wounded.
Crazy Yiuf misses you.
Casting: Magic Dart (safe; 1% risk of failure)
Confirm with . or Enter, or press ? or * to list all spells.
Aiming: Magic Dart (safe; 1% risk of failure)
Press: ? - help, Shift-Dir - straight line, f/p - Crazy Yiuf
Aim: Crazy Yiuf, wielding a +3 quarterstaff of chaos and wearing a +0 cloak (heavily wounded, 100% to hit)
The magic dart hits Crazy Yiuf but does no damage.
Crazy Yiuf is heavily wounded.
Crazy Yiuf hits you with a +3 quarterstaff of chaos.
Crazy Yiuf freezes you.
Casting: Magic Dart (safe; 1% risk of failure)
Confirm with . or Enter, or press ? or * to list all spells.
Aiming: Magic Dart (safe; 1% risk of failure)
Press: ? - help, Shift-Dir - straight line, f/p - Crazy Yiuf
Aim: Crazy Yiuf, wielding a +3 quarterstaff of chaos and wearing a +0 cloak (heavily wounded, 100% to hit)
The magic dart hits Crazy Yiuf.
Crazy Yiuf is heavily wounded.
Crazy Yiuf hits you with a +3 quarterstaff of chaos.
You resist with some effort.
Casting: Magic Dart (safe; 1% risk of failure)
Confirm with . or Enter, or press ? or * to list all spells.
Aiming: Magic Dart (safe; 1% risk of failure)
Press: ? - help, Shift-Dir - straight line, f/p - Crazy Yiuf
Aim: Crazy Yiuf, wielding a +3 quarterstaff of chaos and wearing a +0 cloak (heavily wounded, 100% to hit)
The magic dart hits Crazy Yiuf but does no damage.
Crazy Yiuf is heavily wounded.
Crazy Yiuf hits you with a +3 quarterstaff of chaos!
* * * LOW HITPOINT WARNING * * *
You feel very mighty all of a sudden.
Casting: Magic Dart (safe; 1% risk of failure)
Confirm with . or Enter, or press ? or * to list all spells.
Aiming: Magic Dart (safe; 1% risk of failure)
Press: ? - help, Shift-Dir - straight line, f/p - Crazy Yiuf
Aim: Crazy Yiuf, wielding a +3 quarterstaff of chaos and wearing a +0 cloak (heavily wounded, 100% to hit)
Okay, then.
You thump Crazy Yiuf!
Crazy Yiuf is almost dead.
Crazy Yiuf hits you but does no damage.
You are electrocuted!
You die...

....#.##.###.....##
#.#######.# .........#
##.....# #.# #.#
....###### #.....# #.#
### #.# #.#.###
####### ### #.# #.#
......# #.###.#
....#.# #..##.#
#.###.# ### ♣♣##.....#
#.###.# #)..#♣♣
♣♣.....#### #.##..#
#...g@♣♣♣♣......#
......####
#...#♣..♣.......######
#........# ###
♣♣♣.♣............
......####
♣♣♣♣♣##..######
......# ##.# #.#####
##### #.# #.# #...#
#.# #.# ##'## #.# #.#
#.# #.#


You could see Crazy Yiuf.

Vanquished Creatures
  A bullfrog zombie (D:3)
  4 adders (D:3)
  A worm (D:3)
  An orc (D:3)
  5 ball pythons
  5 bats
  3 endoplasms
  4 giant cockroaches
  6 goblins
  6 hobgoblins
  2 quokkas
  5 frilled lizards (D:2)
  5 kobolds
  6 rats
54 creatures vanquished.

Notes
Turn   | Place    | Note
-------+----------+-------------------------------------------
     0 | D:1      | Sabo the Draconian Conjurer began the quest for the Orb.
     0 | D:1      | Reached XP level 1. HP: 14/14 MP: 3/3
   300 | D:1      | Found a faded altar of an unknown god.
   314 | D:1      | Prayed at the altar of an unknown god.
   314 | D:1      | Became a worshipper of Elyvilon the Healer
   314 | D:1      | Reached * piety under Elyvilon
   855 | D:1      | Reached XP level 2. HP: 20/20 MP: 1/5
  1326 | D:2      | Reached ** piety under Elyvilon
  2190 | D:2      | Reached XP level 3. HP: 26/26 MP: 2/6
  2777 | D:2      | Identified 2 scrolls of acquirement
  2777 | D:2      | Acquired the ring of Fanaticism {Fly rC- MP+9 Dex+7}
  3046 | D:2      | Acquired 1002 gold pieces
  3054 | D:3      | Reached *** piety under Elyvilon
  3215 | D:3      | Found a radiant altar of Vehumet.
  3215 | D:3      | Noticed a charred statue
  3429 | D:3      | Reached skill level 5 in Conjurations
  3429 | D:3      | Reached XP level 4. HP: 33/33 MP: 7/7
  3856 | D:3      | Found a runed translucent door.
  4527 | D:3      | Noticed Crazy Yiuf
  4537 | D:3      | Slain by Crazy Yiuf

Illustrated notes

Levels and vault maps discovered:
D:1:      saegor_arrival_fortress, layout_loops_ring,
          ebering_ecumenical_altar_mist, minmay_tetromino_l2
D:2:      layout_basic, minmay_circle_x
D:3:      layout_loops_corners, vehumet_statue, uniq_crazy_yiuf_cottage

Skill      XL: |  1  2  3 |
---------------+----------+-----
Stealth        | 2 |  2.4
Dodging        | 2 |  2.1
Conjurations   | 5 |  5.2
Fighting       | |  0.1
Maces & Flails | |  0.8
Spellcasting   | |  2.6

Action                   |  1- 3 |  4- 6 || total
-------------------------+-------+-------++-------
Melee: Club              |     4 |       ||     4
       Tailslap          |     3 |       ||     3
       Mace              |    14 |     6 ||    20
 Cast: Magic Dart        |    78 |    31 ||   109
  Use: Scroll            |     2 |       ||     2
Armor: Skin              |    11 |     4 ||    15
Dodge: Dodged            |    20 |     9 ||    29

Table legend: (Time is in decaauts)
 A = Elapsed time spent in this place.
 B = Non-inter-level travel time spent in this place.
 C = Inter-level travel time spent in this place.
 D = Time resting spent in this place.
 E = Time spent auto-exploring this place.
 F = Levels seen in this place.
 G = Mean time per level.
                   A        B        C        D        E       F      G
               +--------+--------+--------+--------+--------+-----+--------+
         Total |   4546 |   4546 |      0 |   1942 |      0 |   3 | 1515.3 |
       Dungeon |   4546 |   4546 |      0 |   1942 |      0 |   3 | 1515.3 |
               +--------+--------+--------+--------+--------+-----+--------+

Top non-repeatable levels by time:
     D:2: 1847 daAuts
     D:3: 1486 daAuts
     D:1: 1211 daAuts
